 Dungeon Crawl Stone Soup version 0.31-a0-1074-g0b22e4e0f1 (webtiles) character file.

Game seed: 10231616384769776032

242 Dittersdorf the Shield-Bearer (level 6, -7/39 HPs)
             Began as a Gargoyle Fighter on Nov 28, 2023.
             Mangled by a flying skull (10 damage)
             ... on level 1 of the Abyss.
             The game lasted 00:03:26 (2738 turns).

Dittersdorf the Shield-Bearer (Gargoyle Fighter)    Turns: 2738, Time: 00:03:26

Health: -7/39      AC:  7    Str: 22    XL:     6   Next: 9%
Magic:  0/6        EV:  8    Int:  8    God:
Gold:   197        SH:  4    Dex:  9    Spells: 5/5 levels left

rFire   . . .        a - +1 flail (heavy)
rCold   + . .        c - +0 buckler
rNeg    + . .        m - +0 chain mail
rPois   ∞            (no helmet)
rElec   +            (no cloak)
rCorr   .            o - +0 pair of gloves
SInv    .            (no boots)
Will    .....        f - amulet of guardian spirit Stlth
                     j - ring of protection from cold
HPRegen 0.26/turn    (no ring)
MPRegen 0.10/turn

%: guardian spirit
@: weak-willed, corroded
A: sickness immunity, AC +4, negative energy resistance 1, electricity
resistance, torment resistance 1, petrification resistance
a: no special abilities


You were on level 1 of the Abyss.
You visited 1 branch of the dungeon, and saw 3 of its levels.
You visited the Abyss 1 time.

You collected 197 gold pieces.

Inventory:

Hand Weapons
 a - a +1 heavy flail (weapon)
Missiles
 b - 2 poisoned darts (quivered)
Armour
 c - a +0 buckler (worn)
 m - a +0 chain mail (worn)
 o - a +0 pair of gloves (worn)
Jewellery
 f - an amulet of guardian spirit (around neck)
 j - a ring of protection from cold (left hand)
Scrolls
 e - a scroll of vulnerability
 g - 2 scrolls of identify
 h - a scroll of enchant weapon
 l - a scroll of brand weapon
 p - a scroll of enchant armour {unknown}
 r - a scroll of poison {unknown}
Potions
 d - 2 potions of might
 i - a potion of attraction
 k - a potion of curing {unknown}
 n - a potion of degeneration {unknown}
 q - a potion of mutation {unknown}


   Skills:
 + Level 4.6 Fighting
 + Level 3.4 Maces & Flails
 + Level 4.5 Armour
 + Level 4.6 Shields


You had 5 spell levels left.
You didn't know any spells.
Your spell library contained the following spells:

 Spells                   Type           Power      Damage    Failure   Level
 Apportation              Tloc           0%         N/A       97%         1
 Necrotise                Necr           0%         1d4       97%         1
 Slow                     Hex            0%         N/A       97%         1
 Summon Small Mammal      Summ           0%         N/A       97%         1
 Poisonous Vapours        Pois/Air       0%         N/A       99%         2
 Confusing Touch          Hex            0%         N/A       100%        3
 Mephitic Cloud           Conj/Pois/Air  0%         N/A       100%        3
 Sigil of Binding         Hex            0%         N/A       100%        3
 Vampiric Draining        Necr           0%         2d6       100%        3
 Freezing Cloud           Conj/Ice/Air   0%         6-21      100%        5


Dungeon Overview and Level Annotations

Branches:
Dungeon (3/15)

Altars:

Shops:
D:1 =

Annotations:
D:3 Crazy Yiuf


Innate Abilities, Weirdness & Mutations

You are immune to sickness and miasma.
Your stone body is resilient. (AC +4)
You are immune to poison.
You resist negative energy. (rN+)
You are resistant to electric shocks. (rElec)
You are resistant to unholy torment.
You are immune to petrification.


Message History

The flying skull barely misses you.
A flying skull comes into view.
The flying skull hits you but does no damage. x2
The flying skull closely misses you.
You hit the flying skull.
The flying skull is lightly damaged.
The flying skull hits you. x3
As you read the scroll labelled LIDIUHALET, it crumbles to dust.
Magic quickly surges around you.
It was a scroll of vulnerability.
The flying skull hits you! The flying skull closely misses you.
The flying skull barely misses you. The flying skull completely misses you.
You block the flying skull's attack.
The flying skull hits you but does no damage.
As you read the scroll labelled CAUM XUTEIGO, it crumbles to dust.
It is a scroll of identify.
i - a potion of attraction The flying skull hits you.
The flying skull hits you but does no damage.
The flying skull hits you.
The flying skull hits you but does no damage.
The flying skull barely misses you. The rust devil hits you.
The rust devil corrodes you! The flying skull closely misses you.
The flying skull hits you.
As you read the scroll labelled VINLAO MAFASAFF, it crumbles to dust.
It is a scroll of enchant weapon.
Your +0 flail glows red for a moment.
The flying skull hits you. x2
The flying skull hits you but does no damage.
The flying skull barely misses you. The rust devil hits you.
* * * LOW HITPOINT WARNING * * *
The rust devil corrodes you!
As you read the scroll labelled MITOTZ BAYR, it crumbles to dust.
It is a scroll of brand weapon.
Your +1 flail becomes incredibly heavy!
a - a +1 heavy flail (weapon)
The flying skull hits you.
* * * LOW HITPOINT WARNING * * *
The flying skull hits you.
* * * LOW HITPOINT WARNING * * *
The flying skull hits you!
You die...

## ###################.
## §§≈≈§≈≈≈≈§§§§§≈§§≈≈≈≈≈
§≈
§≈§≈≈≈≈≈≈≈§§§≈≈≈≈.≈≈§§§§≈
§≈≈§§§≈≈≈§§§≈≈§§≈§≈≈ §.§≈
≈≈§§§≈≈z§§≈≈≈≈._≈≈≈≈§≈≈≈
§ §#.zz@4#§...4.....≈§≈≈
≈§≈≈...zz..#.. ##....§§ §
≈≈≈≈........... #..#.§ §
≈≈§≈#######.#####.#.§ ≈§≈
≈§≈§ ...# #.# ###.#≈≈ ≈
≈≈ §.# # # # ###... ≈§ ≈
#≈≈≈§ . .#### ##.
..#.≈≈≈§ ≈ .#..
..##.4#.....≈ ..§≈ #
..'.##.#.... # §


You could see a rust devil (weak-willed) and 5 flying skulls.

Vanquished Creatures
  A gnoll sergeant (D:2)
  Jessica (D:2)
  5 adders
  5 gnolls
  An ufetubus (Abyss:1)
  A worm (D:3)
  2 dart slugs
  5 endoplasms
  3 giant cockroaches
  2 hobgoblins
  6 kobolds
  A quokka (D:1)
  3 ball pythons
  8 bats
  2 frilled lizards
  6 goblins
  5 rats
57 creatures vanquished.

Notes
Turn   | Place    | Note
-------+----------+-------------------------------------------
     0 | D:1      | Dittersdorf the Gargoyle Fighter began the quest for the
                  | Orb.
     0 | D:1      | Reached XP level 1. HP: 14/14 MP: 1/1
   251 | D:1      | Found a faded altar of an unknown god.
   264 | D:1      | Reached XP level 2. HP: 6/19 MP: 0/2
  1072 | D:1      | Found Noq Luss's Jewellery Boutique.
  1172 | D:2      | Reached XP level 3. HP: 24/24 MP: 3/3
  1500 | D:2      | Reached XP level 4. HP: 29/29 MP: 4/4
  1548 | D:2      | Noticed Jessica
  1551 | D:2      | Killed Jessica
  2066 | D:3      | Reached XP level 5. HP: 33/33 MP: 5/5
  2389 | D:3      | Reached XP level 6. HP: 37/39 MP: 6/6
  2539 | D:3      | Found a runed translucent door.
  2540 | D:3      | Noticed Crazy Yiuf
  2623 | Abyss:1  | Cast into level 1 of the Abyss (Crazy Yiuf)
  2671 | Abyss:1  | Noticed a small abomination
  2703 | Abyss:1  | Noticed a rust devil
  2719 | Abyss:1  | Found a corrupted altar of Lugonu.
  2728 | Abyss:1  | Noticed a flying skull
  2730 | Abyss:1  | Noticed a flying skull
  2730 | Abyss:1  | Noticed a flying skull
  2731 | Abyss:1  | Noticed a flying skull
  2731 | Abyss:1  | Noticed a flying skull
  2738 | Abyss:1  | Mangled by a flying skull

Illustrated notes

Levels and vault maps discovered:
D:1:      ncdulo_wetmaze, layout_basic, chequers_ecumenical_altar_simple_redux,
          serial_shops, shop
D:2:      layout_basic, uniq_jessica
D:3:      layout_basic, uniq_crazy_yiuf_cottage
Abyss:1:  base: Temple, gammafunk_abyss_exit_x_factor

Skill      XL: |  1  2  3  4  5 |
---------------+----------------+-----
Fighting       | 4 |  4.6
Armour         | 4 |  4.5
Shields        | 4 |  4.6
Maces & Flails | 3 |  3.4

Action                     |  1- 3 |  4- 6 || total
---------------------------+-------+-------++-------
  Melee: Flail             |   117 |   115 ||   232
  Throw: Dart              |       |     4 ||     4
    Use: Scroll            |       |     4 ||     4
 Armour: Scale mail        |    55 |       ||    55
         Chain mail        |    37 |   134 ||   171
  Dodge: Dodged            |    46 |    57 ||   103
  Block: Buckler           |    24 |    24 ||    48

Table legend: (Time is in decaauts)
 A = Elapsed time spent in this place.
 B = Non-inter-level travel time spent in this place.
 C = Inter-level travel time spent in this place.
 D = Time resting spent in this place.
 E = Time spent auto-exploring this place.
 F = Levels seen in this place.
 G = Mean time per level.
                   A        B        C        D        E       F      G
               +--------+--------+--------+--------+--------+-----+--------+
         Total |   2816 |   2697 |    119 |    249 |   1798 |   4 |  704.0 |
       Dungeon |   2701 |   2582 |    119 |    211 |   1798 |   3 |  900.3 |
         Abyss |    115 |    115 |      0 |     38 |      0 |   1 |  115.0 |
               +--------+--------+--------+--------+--------+-----+--------+

Top non-repeatable levels by time:
     D:1: 1170 daAuts
     D:2: 976 daAuts
     D:3: 554 daAuts
 Abyss:1: 115 daAuts
